 Dungeon Crawl Stone Soup version 0.31-a0-1606-g60c5cc7444 (webtiles) character file.

Game seed: 13185763611342759902

284 SliceSliceBaby the Sneak (level 6, 0/44 (46) HPs)
             Began as a Draconian Fire Elementalist on Jan 8, 2024.
             Was an Initiate of Kikubaaqudgha.
             Slain by a nameless horror (23 damage)
             ... created by miscasting Martyr's Knell
             ... on level 3 of the Dungeon.
             The game lasted 01:19:52 (4986 turns).

SliceSliceBaby the Sneak (DrFE)                     Turns: 4986, Time: 01:19:55

HP:   0/44 (46)     AC: 10    Str: 11    XL:     6   Next: 7%
MP:   0/9           EV: 12    Int: 17    God:    Kikubaaqudgha [......]
Gold: 91            SH:  5    Dex: 11    Spells: 0/9 levels left

rFire   . . .        p - +4 quarterstaff (chaos)
rCold   . . .        (shield currently unavailable)
rNeg    . . .        (body armour unavailable)
rPois   .            (helmet restricted)
rElec   .            C - +2 cloak
rCorr   .            (no gloves)
SInv    .            i - +0 pair of boots
Will    .....        r - amulet of reflection
Stlth   +++          (no ring)
HPRegen 0.27/turn    (no ring)
MPRegen 0.11/turn

%: reflection
@: very slightly contaminated, lightly drained
A: AC +6, unfitting armour, cold-blooded
a: Renounce Religion


You were on level 3 of the Dungeon.
You worshipped Kikubaaqudgha.
Kikubaaqudgha was noncommittal.
You visited 2 branches of the dungeon, and saw 5 of its levels.

You collected 91 gold pieces.

Inventory:

Hand Weapons
 b - a +0 dagger
 c - a +0 dagger
 d - a +0 mace
 e - a +0 dagger
 g - a +0 short sword
 k - a +0 war axe
 l - a +0 sling
 p - a +4 quarterstaff of chaos (weapon)
 s - a +0 club
 t - a +0 club
 u - a +0 halberd
 v - a +0 halberd
 x - a +0 dagger
 z - a +0 dagger
 B - a +0 hammer
 D - a +0 dagger
 E - a +0 club
 H - a +0 hand axe
 I - a +0 sling
 J - a +0 short sword
 M - a +0 short sword
 Q - a +0 falchion
 R - a +0 dagger
Missiles
 f - 47 stones
Armour
 i - a +0 pair of boots (worn)
 j - a +0 ring mail
 m - a +0 robe
 w - a +0 leather armour
 y - a +0 ring mail
 A - a +0 cloak
 C - a +2 cloak (worn)
 G - a +0 ring mail
 L - a +0 robe
 N - a +0 cloak
 O - a +0 scale mail
Jewellery
 r - an amulet of reflection (around neck)
Talismans
 K - a beast talisman
Wands
 S - a wand of paralysis (10)
Scrolls
 o - a scroll of teleportation
 q - 2 scrolls of identify
 F - a scroll of enchant weapon
Potions
 a - a potion of magic
 h - a potion of might {unknown}
 n - 3 potions of brilliance
 P - 2 potions of attraction {unknown}
 T - a potion of heal wounds {unknown}


   Skills:
 - Level 0.7 Fighting
 - Level 2.7 Dodging
 + Level 5.4 Stealth
 - Level 0.4 Unarmed Combat
 - Level 2.1 Spellcasting
 - Level 1.1 Conjurations
 - Level 3.2 Fire Magic


You couldn't memorise any spells.
You knew the following spells:

 Your Spells              Type           Power      Damage    Failure   Level
a - Foxfire               Conj/Fire      36%        2x1d5     8%          1
b - Martyr's Knell        Necr/Summ      1%         N/A       88%         4
c - Necrotise             Necr           4%         1d4       19%         1
z - Volatile Blastmotes   Fire/Tloc      14%        2d11      30%         3

Your spell library contained the following spells:

 Spells                   Type           Power      Damage    Failure   Level
 Scorch                   Fire           24%        2d6       8%          2
 Magic Dart               Conj           20%        1d4       12%         1
 Searing Ray              Conj           10%        2d4       19%         2
 Inner Flame              Hex/Fire       7%         N/A       30%         3
 Vampiric Draining        Necr           1%         2d6       50%         3
 Flame Wave               Conj/Fire      9%         2d6       61%         4
 Fulminant Prism          Conj/Alch      1%         3d5       83%         4
 Curse of Agony           Necr           1%         N/A       99%         5


Dungeon Overview and Level Annotations

Branches:
Dungeon (4/15)             Temple (1/1) D:4

Altars:
Ashenzari
Cheibriados
Dithmenos
Elyvilon
Fedhas
Gozag
Hepliaklqana
Kikubaaqudgha
Nemelex Xobeh
Okawaru
Qazlal
Ru
Sif Muna
Trog
Uskayaw
Vehumet
Wu Jian
Xom
Yredelemnul
Zin
The Shining One

Shops:
D:1 :   D:4 (

Annotations:
D:3 Terence
D:4 burgermaster6969's ghost, amateur HOFi


Innate Abilities, Weirdness & Mutations

Your plain brown scales are hard. (AC +6)
You cannot fit into any form of body armour.
You are cold-blooded and may be slowed by cold attacks.


Message History

Casting: Necrotise (safe; 19% risk of failure)
Confirm with . or Enter, or press ? or * to list all spells.
Aiming: Necrotise (safe; 19% risk of failure)
Press: ? - help, Shift-Dir - straight line, f/p - hobgoblin
Aim: a hobgoblin (moderately wounded, chance to affect: 53%)
The hobgoblin writhes in agony.
You thump the hobgoblin! You burn the hobgoblin.
You kill the hobgoblin!
Kikubaaqudgha accepts your kill.
Unknown command.
You see here a hobgoblin corpse.
T - a sapphire potion
Found a heavily runed robe.
Casting: Necrotise (safe; 19% risk of failure)
Confirm with . or Enter, or press ? or * to list all spells.
You miscast Martyr's Knell.
You are very lightly contaminated with residual magic.
A fistful of eyes flickers past your view.
A nameless horror comes into view.
You sock the nameless horror! You burn the nameless horror.
The nameless horror is lightly damaged.
You block the nameless horror's attack.
You hit the nameless horror.
The nameless horror is lightly damaged.
The nameless horror barely misses you.
You hit the nameless horror.
The nameless horror seems to grow stronger.
The nameless horror is moderately damaged.
The nameless horror hits you!
You feel your power leaking away.
You barely miss the nameless horror. You tail-slap the nameless horror.
The nameless horror is moderately damaged.
The nameless horror hits you. The nameless horror barely misses you.
You hit the nameless horror. You freeze the nameless horror.
You tail-slap the nameless horror, but do no damage.
The nameless horror is moderately damaged.
The nameless horror hits you!!
Ouch! That really hurt!
You die...
Kikubaaqudgha rasps: "You have failed me!
Welcome... death!"

##########
..........
.........# ###
...#####.# ..#
##.# #.# #.# ##.#
#.# #.# ##.# #.#
#.# ##.# #.# #@#
##.#####.#######X#
...............#.#
#...##...#####.#.#
#...#.†.######.#.#
#............†.#.#
#.#.#...#####....#
#.#.#...# #....#
..........#
#...#...


You could see a nameless horror (strong).

Vanquished Creatures
  A nameless horror (D:3)
  A black bear (D:2)
  Crazy Yiuf (D:2)
  An iguana (D:4)
  4 gnolls (D:2)
  7 adders
  A dart slug (D:2)
  An orc (D:4)
  3 endoplasms
  4 giant cockroaches
  7 hobgoblins
  A quokka (D:1)
  3 ball pythons
  A bat (D:1)
  A frilled lizard (D:1)
  3 goblins
  5 kobolds
  6 rats
51 creatures vanquished.

Vanquished Creatures (collateral kills)
  A foxfire (D:2)
1 creature vanquished.

Vanquished Creatures (others)
  134 foxfires
134 creatures vanquished.

Grand Total: 186 creatures vanquished

Notes
Turn   | Place    | Note
-------+----------+-------------------------------------------
     0 | D:1      | SliceSliceBaby the Draconian Fire Elementalist began the
                  | quest for the Orb.
     0 | D:1      | Reached XP level 1. HP: 14/14 MP: 3/3
   279 | D:1      | Reached skill level 2 in Stealth
   350 | D:1      | Reached XP level 2. HP: 20/20 MP: 1/5
   812 | D:1      | Found Lureciph's Book Shoppe.
  1090 | D:2      | HP: 1/20 [gnoll/+0 halberd (4)]
  1118 | D:1      | You fall into a shaft and drop 1 floor!
  1261 | D:2      | Found an iron altar of Okawaru.
  1401 | D:2      | Found a runed translucent door.
  1402 | D:2      | Noticed Crazy Yiuf
  1588 | D:2      | Reached XP level 3. HP: 27/27 MP: 2/6
  2407 | D:2      | Learned a level 3 spell: Volatile Blastmotes
  2409 | D:2      | Learned a level 1 spell: Necrotise
  2526 | D:2      | Found a faded altar of an unknown god.
  2583 | D:2      | Noticed a black bear
  2599 | D:2      | Killed a black bear
  2600 | D:2      | Reached skill level 4 in Stealth
  2600 | D:2      | Reached XP level 4. HP: 20/34 MP: 0/7
  2600 | D:2      | Reached XP level 5. HP: 23/39 MP: 0/8
  3272 | D:2      | Killed Crazy Yiuf
  3427 | D:2      | You fall into a shaft and drop 2 floors!
  3545 | D:4      | Found Gatzougioh's Weapon Boutique.
  3545 | D:4      | Noticed a +0 rapier
  3545 | D:4      | Noticed a +0 executioner's axe
  3634 | D:4      | Reached skill level 5 in Stealth
  3693 | D:4      | Found a staircase to the Ecumenical Temple.
  3715 | Temple   | Entered the Ecumenical Temple
  3957 | Temple   | Became a worshipper of Kikubaaqudgha
  4171 | D:4      | Found an opulent altar of Gozag.
  4171 | D:4      | Found a snail-covered altar of Cheibriados.
  4304 | D:4      | Found a runed translucent gate.
  4304 | D:4      | Found a runed translucent gate.
  4304 | D:4      | Found a runed translucent gate.
  4304 | D:4      | Noticed burgermaster6969's ghost (amateur HOFi)
  4730 | D:3      | Reached XP level 6. HP: 45/46 MP: 1/9
  4743 | D:3      | Learned a level 4 spell: Martyr's Knell
  4777 | D:3      | Noticed Terence
  4889 | D:3      | Noticed a nameless horror
  4900 | D:3      | Killed a nameless horror
  4981 | D:3      | Noticed a nameless horror
  4986 | D:3      | Slain by a nameless horror

Illustrated notes

Levels and vault maps discovered:
D:1:      amcnicky_arrival_wind_blow, layout_basic, serial_shops, shop
D:2:      layout_loops_ring, hellmonk_ecumenical_altar_inner_sanctum,
          basic_altar, serial_aquarium, aquarium_bridge_square
          [aquarium_subvault_window, aquarium_subvault_wall,
          aquarium_subvault_bridge, aquarium_subvault_bridge],
          aquarium_window_3, aquarium_window_1, aquarium_window_fake,
          aquarium_window_fake, aquarium_view_2e, aquarium_balcony_5a,
          kennysheep_generic_room_3, uniq_crazy_yiuf_cottage
D:3:      layout_loops_ring, dreamdust_princess_corridor, uniq_natasha,
          uniq_terence
D:4:      layout_basic, gammafunk_temple_overflow_statue,
          minmay_temple_entry_junction_2, serial_shops, nicolae_shop_mannequins,
          gammafunk_ghost_split, minmay_misc_feat_tower, hex_intersection,
          minmay_misc_feat_rows
Temple:   compressed_dpeg_triangle_lava_temple

Skill      XL: |  1  2  3  4  5 |
---------------+----------------+-----
Dodging        | 2 |  2.7
Stealth        | 2 4 5 |  5.4
Fighting       | |  0.7
Unarmed Combat | |  0.4
Spellcasting   | |  2.1
Conjurations   | |  1.1
Fire Magic     | |  3.2

Action                     |  1- 3 |  4- 6 || total
---------------------------+-------+-------++-------
  Melee: Unarmed           |    25 |       ||    25
         Tailslap          |     7 |    11 ||    18
         Short sword       |    30 |     8 ||    38
         Quarterstaff      |       |    38 ||    38
   Cast: Foxfire           |    55 |    43 ||    98
         Necrotise         |     2 |    34 ||    36
         Volatile Blastmot |     1 |     7 ||     8
    Use: Scroll            |     2 |     7 ||     9
         Potion            |       |     2 ||     2
 Armour: Skin              |   106 |    93 ||   199
  Dodge: Dodged            |   130 |    67 ||   197
  Block: Other             |     1 |    42 ||    43
         Reflection        |       |     5 ||     5

Table legend: (Time is in decaauts)
 A = Elapsed time spent in this place.
 B = Non-inter-level travel time spent in this place.
 C = Inter-level travel time spent in this place.
 D = Time resting spent in this place.
 E = Time spent auto-exploring this place.
 F = Levels seen in this place.
 G = Mean time per level.
                   A        B        C        D        E       F      G
               +--------+--------+--------+--------+--------+-----+--------+
         Total |   5000 |   4935 |     65 |    100 |    961 |   5 | 1000.0 |
       Dungeon |   4686 |   4622 |     64 |    100 |    961 |   4 | 1171.5 |
        Temple |    314 |    313 |      1 |      0 |      0 |   1 |  314.0 |
               +--------+--------+--------+--------+--------+-----+--------+

Top non-repeatable levels by time:
     D:2: 2360 daAuts
     D:1: 1073 daAuts
     D:4: 869 daAuts
     D:3: 383 daAuts
  Temple: 314 daAuts
